 Dungeon Crawl Stone Soup version 0.20.1-1-g8b1a95d (console) character file.

111 hilaritas the Digger (level 4, -2/24 HPs)
             Began as a Deep Elf Earth Elementalist on Sept 2, 2017.
             Slain by Monsterracer's ghost (6 damage)
             ... on level 3 of the Dungeon.
             The game lasted 00:04:28 (1916 turns).

hilaritas the Digger (Deep Elf Earth Elementalist)  Turns: 1916, Time: 00:04:29

Health: -2/24      AC:  3    Str:  6    XL:     4   Next: 62%
Magic:  5/10       EV: 13    Int: 20    God:
Gold:   86         SH:  0    Dex: 15    Spells: 5/9 levels left

rFire    . . .     SeeInvis .   k - -2 dagger (curse)
rCold    . . .     Gourm    .   (no shield)
rNeg     . . .     Faith    .   c - +0 robe
rPois    .         Spirit   .   t - +0 helmet
rElec    .         Reflect  .   (no cloak)
rCorr    .         Harm     .   (no gloves)
MR       .....                  (no boots)
Stlth    +.........             (no amulet)
Regen    0.1/turn               (no ring)
MPRegen  0.2/turn               (no ring)

@: confused, very slightly contaminated
A: no striking features
a: no special abilities


You were on level 3 of the Dungeon.
You were not hungry.

You visited 1 branch of the dungeon, and saw 3 of its levels.

You collected 86 gold pieces.

Inventory:

Hand Weapons
 k - a cursed -2 dagger (weapon)
Missiles
 a - 52 arrows
 b - 94 stones (quivered)
Armour
 c - a +0 robe (worn)
 t - a +0 helmet (worn)
Jewellery
 r - an uncursed ring of resist corrosion {unknown}
Scrolls
 h - a scroll of magic mapping {unknown}
 i - 2 scrolls of remove curse {unknown}
 j - 3 scrolls of identify {unknown}
 l - a scroll of fear {unknown}
 m - a scroll of immolation {unknown}
 q - a scroll of blinking {unknown}
 u - a scroll of noise {unknown}
Potions
 p - a potion of degeneration {unknown}
 s - a potion of curing {unknown}
Books
 e - a book of Geomancy

   Spells                             Type                      Level
   a - Sandblast                      Earth                        1
   b - Passwall                       Transmutation/Earth          2
   c - Stone Arrow                    Conjuration/Earth            3
   d - Petrify                        Transmutation/Earth          4
   e - Lee's Rapid Deconstruction     Earth                        5
Comestibles
 d - a bread ration
 g - a royal jelly
 o - 2 chunks of flesh


   Skills:
 - Level 2.4 Dodging
 - Level 2.4 Stealth
 - Level 3.0 Spellcasting
 * Level 2.6 Conjurations
   Level 1.1 Transmutations
 - Level 5.2 Earth Magic


You had 5 spell levels left.
You knew the following spells:

 Your Spells              Type           Power        Failure   Level  Hunger
a - Sandblast             Erth           ###...       1%          1    None
b - Stone Arrow           Conj/Erth      ###...       9%          3    ###....


Dungeon Overview and Level Annotations

Branches:
Dungeon (3/15)

Altars:

Annotations:
D:3 Monsterracer's ghost, amateur DrTm


Message History

You barely miss Monsterracer's ghost.
Monsterracer's ghost is heavily damaged.
Monsterracer's ghost hits you.
Casting: Sandblast
Confirm with . or Enter, or press ? or * to list all spells.
Aiming: Sandblast
Press: ? - help, Shift-Dir - straight line, f/p - Monsterracer's ghost
Aim: Monsterracer's ghost (heavily damaged)
The blast of sand hits Monsterracer's ghost.
Monsterracer's ghost is heavily damaged.
b - 94 stones Monsterracer's ghost completely misses you.
You hit Monsterracer's ghost but do no damage.
Monsterracer's ghost is heavily damaged.
Monsterracer's ghost hits you!
* * * LOW HITPOINT WARNING * * *
It was a potion of ambrosia.
You are confused.
You feel invigorated. Monsterracer's ghost hits you.
You die...

............#
#.#
............#
#.#
########.#####
#.# .......
#.# .......
#[# .......
#.# .......
#.#
.......#####.#
.......)W@...#
.......#######
.......
.......
#######


You could see Monsterracer's ghost.

Vanquished Creatures
  Jessica (D:2)
  2 adders (D:2)
  A worm (D:2)
  2 dart slugs
  A leopard gecko (D:1)
  6 bats
  3 giant cockroaches
  8 hobgoblins
  8 jackals
  2 quokkas (D:2)
  A ball python (D:3)
  5 goblins
  8 kobolds
  6 rats
54 creatures vanquished.

Notes
Turn   | Place    | Note
-------+----------+-------------------------------------------
     0 | D:1      | hilaritas the Deep Elf Earth Elementalist began the quest for the Orb.
     0 | D:1      | Reached XP level 1. HP: 10/10 MP: 6/6
   196 | D:1      | Reached skill level 4 in Earth Magic
   196 | D:1      | Reached XP level 2. HP: 15/15 MP: 5/8
   412 | D:1      | Reached XP level 3. HP: 19/19 MP: 5/9
   679 | D:1      | Learned a level 3 spell: Stone Arrow
   777 | D:2      | Noticed Jessica
   780 | D:2      | Killed Jessica
   780 | D:2      | Reached skill level 5 in Earth Magic
   943 | D:2      | Reached skill level 1 in Conjurations
   960 | D:2      | Reached XP level 4. HP: 24/24 MP: 8/10
  1885 | D:3      | Noticed Monsterracer's ghost (amateur DrTm)
  1915 | D:3      | HP: 1/24 [Monsterracer's ghost (10)]
  1916 | D:3      | Slain by Monsterracer's ghost

Skill      XL: |  1  2  3  4 |
---------------+-------------+-----
Earth Magic    | 4 5 |  5.2
Conjurations   | 1 2 |  2.6
Dodging        | |  2.4
Stealth        | |  2.4
Spellcasting   | |  3.0
Transmutations | |  1.1

Action                   |  1- 3 |  4- 6 || total
-------------------------+-------+-------++-------
Melee: Dagger            |       |    14 ||    14
 Cast: Sandblast         |    43 |    36 ||    79
       Stone Arrow       |       |     1 ||     1
  Use: Potion            |       |     2 ||     2
  Eat: Chunk             |       |     3 ||     3
Armor: Robe              |     4 |     2 ||     6
Dodge: Dodged            |     9 |    22 ||    31
